[Event "Bremer Silvester Open 2019"]
[Site "Bremen"]
[Date "2019.12.30"]
[Round "7.3"]
[White "Reuker, Jari"]
[Black "Reuker, Matthias"]
[Result "1-0"]
[ECO "A25"]
[WhiteElo "2383"]
[BlackElo "2016"]
[Annotator "NA"]
[PlyCount "76"]
[EventDate "2019.12.27"]
[EventType "swiss"]
[EventCountry "GER"]
[SourceTitle "playchess.com"]
[Source "ChessBase"]
[SourceQuality "1"]
[TimeControl "40/5400+30:1800+30"]

1. g3 e5 2. c4 Nc6 3. Bg2 f5 4. Nc3 Nf6 5. e3 e4 6. d3 Bb4 7. dxe4 (7. Nge2 $14) 7... Bxc3+ $1 8. bxc3 fxe4 $17 9. Nh3 d6 10. Nf4 Ne5 11. O-O Bg4 12. Qb3 g5 13. Nd5 Bf3 14. Qxb7 O-O 15. Qxc7 Qxc7 16. Nxc7 Rac8 17. Ne6 Bxg2 18. Kxg2 Rfe8 19. Nxg5 Rxc4 20. Ba3 Rc6 21. Rfd1 Nc4 22. Bc1 Ne5 23. Ba3 Nc4 24. Bc1 Ne5 25. Rd4 Nd3 26. Nxe4 Nxe4 27. Rxd3 Rf8 28. f3 Nxc3 29. Bd2 Rfc8 30. Bxc3 Rxc3 31. Rxc3 Rxc3 32. e4 Ra3 33. g4 Kf7 34. Kg3 Kg6 35. h4 Kf6 36. Rd1 Ke5 37. Rd5+ Ke6 38. Rd2 Ke5 1-0

[Event "Bremer Silvester Open 2019"]
[Site "Bremen"]
[Date "2019.12.30"]
[Round "7.4"]
[White "Koerber, Uwe"]
[Black "Wachinger, David"]
[Result "0-1"]
[ECO "B23"]
[WhiteElo "1762"]
[BlackElo "2105"]
[Annotator "NA"]
[PlyCount "64"]
[EventDate "2019.12.27"]
[EventType "swiss"]
[EventCountry "GER"]
[SourceTitle "playchess.com"]
[Source "ChessBase"]
[SourceQuality "1"]
[TimeControl "40/5400+30:1800+30"]

1. e4 c5 2. Nc3 d6 3. f4 Nc6 4. Bc4 g6 5. Nf3 e6 6. a4 (6. d4 $11) 6... Bg7 7. O-O Nge7 8. Qe1 O-O 9. d3 d5 10. Ba2 Nb4 11. Bb1 dxe4 12. dxe4 b6 13. Kh1 Bb7 14. Qe2 a6 15. Nd1 Qc7 16. c3 Nbc6 $11 17. f5 exf5 18. exf5 Nxf5 19. Bxf5 gxf5 20. Nh4 Ne7 21. Bf4 Qc6 22. Qxe7 Bf6 23. Qe2 Bxh4 24. Rf3 Rfe8 25. Ne3 Re4 26. Bg3 Bg5 27. Rg1 f4 28. Rxf4 Bxf4 29. Qg4+ Qg6 30. b3 Bxg3 31. Qxg3 Qxg3 32. hxg3 Rxe3 0-1

[Event "Bremer Silvester Open 2019"]
[Site "Bremen"]
[Date "2019.12.30"]
[Round "7.5"]
[White "Riewe, Gerhard"]
[Black "Lorenzen, Bjoern"]
[Result "1-0"]
[ECO "B13"]
[WhiteElo "2101"]
[BlackElo "1946"]
[Annotator "NA"]
[PlyCount "73"]
[EventDate "2019.12.27"]
[EventType "swiss"]
[EventCountry "GER"]
[SourceTitle "playchess.com"]
[Source "ChessBase"]
[SourceQuality "1"]
[TimeControl "40/5400+30:1800+30"]

1. e4 c6 2. d4 d5 3. exd5 cxd5 4. Bd3 Nc6 5. c3 Qc7 6. Bg5 Nf6 7. h3 Ne4 8. Bxe4 dxe4 9. Bh4 e6 10. Bg3 $11 Qb6 11. Qb3 Qxb3 12. axb3 Be7 13. Nd2 f5 14. Nc4 Bd7 15. Ne2 O-O 16. O-O b5 17. Ne5 Nxe5 18. Bxe5 a5 19. Ra2 Bd8 20. c4 Rc8 21. c5 Bc6 22. Nf4 Bd5 23. Nxd5 exd5 24. Rc1 Rc6 25. Rc3 Rf7 26. b4 a4 27. b3 axb3 28. Rxb3 Rd7 29. Ra8 Kf7 30. Rba3 Bg5 31. Rb8 Bf6 32. Bxf6 Rxf6 33. Rxb5 Ke7 34. Rb8 Rf8 35. Rxf8 Kxf8 36. b5 Ke7 37. b6 1-0

[Event "Bremer Silvester Open 2019"]
[Site "Bremen"]
[Date "2019.12.30"]
[Round "7.6"]
[White "Pienski, Olaf"]
[Black "Jung, Gerald"]
[Result "1/2-1/2"]
[ECO "B12"]
[WhiteElo "2001"]
[BlackElo "1918"]
[Annotator "NA"]
[PlyCount "74"]
[EventDate "2019.12.27"]
[EventType "swiss"]
[EventCountry "GER"]
[SourceTitle "playchess.com"]
[Source "ChessBase"]
[SourceQuality "1"]
[TimeControl "40/5400+30:1800+30"]

1. e4 d6 2. d4 Nd7 3. Nf3 c6 4. c4 h6 5. Nc3 g5 6. Be3 Bg7 7. Be2 Nf8 8. Qc2 Qa5 9. Nd2 a6 $16 (9... Nf6 $142) 10. Nb3 Qc7 11. O-O-O Ng6 12. g3 Nf6 13. f3 Bh3 14. Rhg1 g4 15. f4 e5 16. dxe5 dxe5 17. f5 Ne7 18. c5 O-O 19. Bc4 Rad8 20. Rxd8 Rxd8 21. Nd2 Qd7 22. Qb3 Ned5 23. Bxd5 cxd5 24. Nxd5 Nxd5 25. Qxd5 Qxd5 26. exd5 Rxd5 27. Kc2 e4 28. Nxe4 Rxf5 29. Nd6 Rf3 30. Kd2 Bf1 31. b4 Bb2 32. Nxb7 Ba3 33. Bxh6 Bxb4+ 34. Kc1 Bb5 35. Rd1 Bxc5 36. Nxc5 Rc3+ 37. Kb2 Rxc5 1/2-1/2